[ PARTIDA AOE2 · #505753105 ]
UnrankedYurchen vs Sicilians
Equipo del jugador · DERR
Equipo rival · VICT
[ ANÁLISIS DE REPETICIÓN · EXTRAÍDO DE LA PARTIDA GRABADA ]
Feudal
10:33
Castillos
21:39
Imperial
—
| APM promedio | 118.2 |
| APM pico | 223 |
| eAPM promedio | 61.8 |
| Aldeanos / militares | 177 / 27 |
Foco
⚔️ 66.5% · 🌾 33.5%
Unknown (1911) ×28 · Archer ×18 · Unknown (1908) ×5 · Militia ×2 · Skirmisher ×2 · Cavalry Archer ×2
Feudal
9:16
Castillos
22:05
Imperial
38:14
| APM promedio | 54.1 |
| APM pico | 91 |
| eAPM promedio | 34.9 |
| Aldeanos / militares | 144 / 64 |
Foco
⚔️ 48.7% · 🌾 51.3%
Knight ×38 · Serjeant ×20 · Monk ×4 · Mangonel ×1 · Trebuchet (Packed) ×1
Mapa de la partida
Recursos iniciales + cada clic de construcción. Líneas = muros · curvas = relieve. ◆ oro · ⬟ piedra · ● bayas · ✦ reliquia · ◌ hueco del cierre
Tu base· Abierta — el rival se encerró
Base de No more T1LT· ✓ Cerrada en 22:05 · 60t muro · sin puerta
Terreno inicial suavizado · ◌ = hueco del cierre detectado · pasá el cursor para detalles
Inputs por minuto
— ldx - - No more T1LT
Build order — ldx
Primeras 150 de 372 acciones detectadas
| 0:00 | Crear | Villager (Male) |
| 0:00 | Crear | Villager (Male) |
| 0:01 | Construir | House |
| 0:02 | Construir | House |
| 0:03 | Crear | Villager (Male) |
| 0:09 | Crear | Villager (Male) |
| 1:25 | Crear | Villager (Male) |
| 1:53 | Construir | Lumber Camp |
| 1:55 | Crear | Villager (Male) |
| 2:25 | Crear | Villager (Male) |
| 2:36 | Crear | Villager (Male) |
| 2:58 | Crear | Villager (Male) |
| 3:32 | Crear | Villager (Male) |
| 3:33 | Crear | Villager (Male) |
| 3:57 | Construir | House |
| 4:08 | Crear | Villager (Male) |
| 4:28 | Crear | Villager (Male) |
| 4:31 | Construir | Barracks |
| 4:41 | Crear | Villager (Male) |
| 4:55 | Construir | House |
| 5:00 | Crear | Villager (Male) |
| 5:23 | Crear | Militia |
| 5:36 | Crear | Militia |
| 5:37 | Crear | Villager (Male) |
| 6:06 | Construir | Mill |
| 6:10 | Crear | Villager (Male) |
| 6:15 | Crear | Villager (Male) |
| 6:32 | Crear | Villager (Male) |
| 6:37 | Crear | Villager (Male) |
| 6:59 | Construir | Mill |
| 7:19 | Crear | Villager (Male) |
| 7:26 | Investigar | Loom |
| 8:11 | Construir | Mining Camp |
| 8:15 | Investigar | Feudal Age |
| 8:42 | Crear | Villager (Male) |
| 9:04 | Construir | House |
| 9:16 | Crear | Villager (Male) |
| 9:26 | Construir | House |
| 9:27 | Crear | Villager (Male) |
| 9:27 | Crear | Villager (Male) |
| 9:29 | Crear | Villager (Male) |
| 9:35 | Crear | Villager (Male) |
| 9:42 | Construir | Palisade Wall |
| 10:03 | Crear | Villager (Male) |
| 10:05 | Crear | Villager (Male) |
| 10:13 | Construir | House |
| 10:22 | Construir | Mining Camp |
| 10:22 | Crear | Villager (Male) |
| 10:29 | Construir | Palisade Wall |
| 10:33 | Edad | Edad Feudal |
| 10:47 | Crear | Villager (Male) |
| 10:52 | Crear | Villager (Male) |
| 11:08 | Crear | Villager (Male) |
| 11:11 | Construir | Archery Range |
| 11:14 | Crear | Villager (Male) |
| 11:21 | Crear | Villager (Male) |
| 11:21 | Crear | Villager (Male) |
| 11:23 | Crear | Villager (Male) |
| 11:28 | Construir | Palisade Wall |
| 11:35 | Construir | Palisade Wall |
| 11:36 | Construir | Palisade Wall |
| 11:37 | Construir | Palisade Wall |
| 11:40 | Crear | Villager (Male) |
| 11:54 | Construir | Palisade Wall |
| 12:03 | Crear | Archer |
| 12:03 | Crear | Villager (Male) |
| 12:04 | Crear | Villager (Male) |
| 12:05 | Crear | Villager (Male) |
| 12:06 | Construir | House |
| 12:09 | Crear | Villager (Male) |
| 12:10 | Crear | Villager (Male) |
| 12:17 | Construir | Farm |
| 12:21 | Crear | Villager (Male) |
| 12:22 | Crear | Villager (Male) |
| 12:23 | Crear | Villager (Male) |
| 12:34 | Crear | Spearman |
| 12:51 | Construir | House |
| 12:58 | Crear | Archer |
| 13:12 | Crear | Skirmisher |
| 13:23 | Crear | Skirmisher |
| 13:30 | Crear | Archer |
| 13:39 | Crear | Villager (Male) |
| 13:39 | Crear | Villager (Male) |
| 13:39 | Crear | Villager (Male) |
| 13:41 | Crear | Villager (Male) |
| 13:44 | Construir | Lumber Camp |
| 13:44 | Crear | Villager (Male) |
| 13:45 | Crear | Villager (Male) |
| 13:49 | Crear | Villager (Male) |
| 13:49 | Crear | Villager (Male) |
| 13:49 | Crear | Villager (Male) |
| 13:55 | Crear | Archer |
| 14:07 | Crear | Villager (Male) |
| 14:08 | Crear | Villager (Male) |
| 14:09 | Crear | Villager (Male) |
| 14:09 | Crear | Villager (Male) |
| 14:23 | Construir | Blacksmith |
| 14:29 | Crear | Archer |
| 14:30 | Crear | Villager (Male) |
| 14:30 | Crear | Villager (Male) |
| 14:41 | Crear | Villager (Male) |
| 14:42 | Crear | Villager (Male) |
| 14:43 | Construir | Farm |
| 14:50 | Construir | Outpost |
| 14:52 | Crear | Archer |
| 14:52 | Crear | Villager (Male) |
| 15:00 | Crear | Villager (Male) |
| 15:01 | Crear | Villager (Male) |
| 15:03 | Construir | House |
| 15:06 | Construir | Farm |
| 15:06 | Crear | Villager (Male) |
| 15:11 | Crear | Villager (Male) |
| 15:14 | Investigar | Town Watch |
| 15:14 | Investigar | Town Watch |
| 15:15 | Crear | Villager (Male) |
| 15:19 | Crear | Villager (Male) |
| 15:20 | Construir | Farm |
| 15:23 | Construir | Farm |
| 15:25 | Investigar | Fletching |
| 15:26 | Crear | Villager (Male) |
| 15:30 | Crear | Villager (Male) |
| 15:30 | Crear | Villager (Male) |
| 15:31 | Crear | Villager (Male) |
| 15:32 | Crear | Villager (Male) |
| 15:34 | Crear | Villager (Male) |
| 15:35 | Crear | Villager (Male) |
| 15:36 | Construir | House |
| 15:45 | Construir | Farm |
| 15:58 | Crear | Villager (Male) |
| 16:16 | Crear | Villager (Male) |
| 16:16 | Crear | Villager (Male) |
| 16:19 | Construir | Farm |
| 16:28 | Construir | Farm |
| 16:32 | Crear | Villager (Male) |
| 16:33 | Crear | Villager (Male) |
| 16:41 | Crear | Villager (Male) |
| 16:42 | Crear | Villager (Male) |
| 16:44 | Construir | Farm |
| 16:49 | Crear | Archer |
| 16:52 | Construir | House |
| 16:53 | Crear | Villager (Male) |
| 16:54 | Construir | House |
| 16:56 | Construir | House |
| 16:58 | Crear | Archer |
| 17:01 | Crear | Villager (Male) |
| 17:35 | Crear | Villager (Male) |
| 17:37 | Construir | Market |
| 17:46 | Crear | Villager (Male) |
| 17:47 | Crear | Villager (Male) |
| 17:47 | Crear | Villager (Male) |
Build order — No more T1LT
Primeras 150 de 388 acciones detectadas
| 0:01 | Crear | Villager (Male) |
| 0:03 | Construir | House |
| 0:04 | Construir | House |
| 0:05 | Crear | Villager (Male) |
| 0:05 | Crear | Villager (Male) |
| 0:05 | Crear | Villager (Male) |
| 1:33 | Crear | Villager (Male) |
| 1:49 | Crear | Villager (Male) |
| 2:12 | Crear | Villager (Male) |
| 2:12 | Crear | Villager (Male) |
| 2:30 | Construir | Lumber Camp |
| 2:45 | Crear | Villager (Male) |
| 3:11 | Crear | Villager (Male) |
| 3:12 | Crear | Villager (Male) |
| 3:36 | Crear | Villager (Male) |
| 3:50 | Construir | House |
| 3:56 | Crear | Villager (Male) |
| 4:28 | Crear | Villager (Male) |
| 4:39 | Crear | Villager (Male) |
| 4:39 | Crear | Villager (Male) |
| 4:55 | Crear | Villager (Male) |
| 5:23 | Crear | Villager (Male) |
| 5:36 | Construir | Mill |
| 6:10 | Crear | Villager (Male) |
| 6:24 | Construir | House |
| 6:31 | Investigar | Loom |
| 7:06 | Investigar | Feudal Age |
| 7:06 | Investigar | Feudal Age |
| 7:27 | Crear | Villager (Male) |
| 7:56 | Construir | House |
| 8:13 | Construir | Donjon |
| 8:23 | Construir | Palisade Wall |
| 8:24 | Construir | Palisade Wall |
| 8:36 | Crear | Villager (Male) |
| 8:39 | Construir | Mining Camp |
| 8:55 | Construir | House |
| 9:16 | Edad | Edad Feudal |
| 9:18 | Crear | Serjeant |
| 9:24 | Crear | Villager (Male) |
| 9:39 | Crear | Serjeant |
| 9:44 | Crear | Villager (Male) |
| 9:59 | Crear | Villager (Male) |
| 10:01 | Crear | Villager (Male) |
| 10:23 | Construir | House |
| 10:29 | Crear | Serjeant |
| 10:33 | Construir | Farm |
| 10:51 | Construir | Farm |
| 10:54 | Construir | Farm |
| 10:54 | Investigar | Horse Collar |
| 11:22 | Crear | Serjeant |
| 11:30 | Crear | Villager (Male) |
| 11:35 | Construir | Farm |
| 11:55 | Crear | Villager (Male) |
| 12:11 | Construir | Farm |
| 12:13 | Construir | Farm |
| 12:29 | Crear | Villager (Male) |
| 12:35 | Construir | House |
| 12:40 | Crear | Villager (Male) |
| 12:43 | Investigar | Town Watch |
| 12:45 | Crear | Serjeant |
| 13:13 | Construir | Palisade Wall |
| 13:21 | Crear | Villager (Male) |
| 13:25 | Construir | Farm |
| 13:30 | Construir | Mining Camp |
| 13:38 | Crear | Serjeant |
| 13:39 | Crear | Villager (Male) |
| 13:45 | Construir | Donjon |
| 14:09 | Crear | Villager (Male) |
| 14:11 | Construir | House |
| 14:11 | Construir | House |
| 14:24 | Crear | Villager (Male) |
| 14:27 | Construir | Farm |
| 14:28 | Construir | Farm |
| 14:30 | Construir | Farm |
| 14:48 | Crear | Villager (Male) |
| 14:56 | Construir | Farm |
| 14:56 | Crear | Villager (Male) |
| 15:05 | Crear | Villager (Male) |
| 15:08 | Construir | Farm |
| 15:12 | Construir | House |
| 15:23 | Construir | Palisade Wall |
| 15:34 | Crear | Serjeant |
| 15:38 | Construir | Farm |
| 15:44 | Construir | Palisade Wall |
| 15:47 | Construir | Palisade Wall |
| 15:56 | Construir | Palisade Wall |
| 16:01 | Crear | Villager (Male) |
| 16:15 | Construir | Palisade Wall |
| 16:21 | Construir | Palisade Wall |
| 16:32 | Construir | Farm |
| 16:38 | Crear | Villager (Male) |
| 16:50 | Construir | House |
| 17:08 | Construir | Donjon |
| 17:09 | Crear | Villager (Male) |
| 17:28 | Construir | Donjon |
| 17:37 | Crear | Villager (Male) |
| 17:42 | Construir | Blacksmith |
| 17:44 | Construir | Blacksmith |
| 17:59 | Crear | Villager (Male) |
| 18:17 | Crear | Villager (Male) |
| 18:42 | Construir | Market |
| 18:49 | Crear | Villager (Male) |
| 19:02 | Crear | Serjeant |
| 19:03 | Crear | Serjeant |
| 19:03 | Crear | Serjeant |
| 19:18 | Construir | Lumber Camp |
| 19:25 | Investigar | Castle Age |
| 19:25 | Investigar | Castle Age |
| 19:47 | Investigar | Double-Bit Axe |
| 19:47 | Investigar | Double-Bit Axe |
| 20:07 | Construir | Farm |
| 20:07 | Construir | Farm |
| 20:13 | Crear | Villager (Male) |
| 20:34 | Construir | Donjon |
| 20:41 | Construir | Farm |
| 20:52 | Investigar | Scale Mail Armor |
| 20:58 | Investigar | Fletching |
| 21:26 | Crear | Serjeant |
| 21:27 | Crear | Serjeant |
| 21:28 | Crear | Serjeant |
| 21:40 | Crear | Villager (Male) |
| 22:05 | Edad | Edad de los Castillos |
| 22:10 | Crear | Villager (Male) |
| 22:13 | Construir | Town Center |
| 22:19 | Construir | Town Center |
| 22:21 | Investigar | Heavy Plow |
| 22:35 | Crear | Villager (Male) |
| 22:40 | Construir | House |
| 22:41 | Construir | House |
| 22:42 | Construir | House |
| 22:50 | Investigar | Bow Saw |
| 23:15 | Crear | Villager (Male) |
| 23:16 | Crear | Villager (Male) |
| 23:16 | Crear | Villager (Male) |
| 23:17 | Crear | Villager (Male) |
| 23:22 | Construir | House |
| 23:25 | Construir | House |
| 23:26 | Construir | House |
| 23:28 | Crear | Villager (Male) |
| 23:35 | Construir | Donjon |
| 23:38 | Crear | Villager (Male) |
| 23:42 | Construir | Siege Workshop |
| 23:44 | Crear | Villager (Male) |
| 23:47 | Construir | Palisade Wall |
| 23:57 | Crear | Villager (Male) |
| 23:57 | Crear | Villager (Male) |
| 24:10 | Construir | Farm |
| 24:12 | Crear | Villager (Male) |
| 24:12 | Crear | Villager (Male) |
| 24:20 | Crear | Mangonel |
Cronología de la partida
| 4:31 | ldx · first_building Barracks |
| 8:13 | No more T1LT · first_building Donjon |
| 8:23 | No more T1LT · wall_segment Palisade Wall x2 |
| 8:24 | No more T1LT · wall_segment Palisade Wall x1 |
| 9:16 | No more T1LT · age_up feudal |
| 9:42 | ldx · wall_segment Palisade Wall x4 |
| 10:29 | ldx · wall_segment Palisade Wall x2 |
| 10:33 | ldx · age_up feudal |
| 11:11 | ldx · first_building Archery Range |
| 11:28 | ldx · wall_segment Palisade Wall x2 |
| 11:35 | ldx · wall_segment Palisade Wall x1 |
| 11:36 | ldx · wall_segment Palisade Wall x1 |
| 11:37 | ldx · wall_segment Palisade Wall x1 |
| 11:54 | ldx · wall_segment Palisade Wall x1 |
| 13:13 | No more T1LT · wall_segment Palisade Wall x1 |
| 15:23 | No more T1LT · wall_segment Palisade Wall x26 |
| 15:44 | No more T1LT · wall_segment Palisade Wall x1 |
| 15:47 | No more T1LT · wall_segment Palisade Wall x3 |
| 15:56 | No more T1LT · wall_segment Palisade Wall x11 |
| 16:15 | No more T1LT · wall_segment Palisade Wall x6 |
| 16:21 | No more T1LT · wall_segment Palisade Wall x11 |
| 19:51 | ldx · wall_segment Palisade Wall x6 |
| 19:52 | ldx · wall_segment Palisade Wall x1 |
| 21:39 | ldx · age_up castle |
| 22:00 | ldx · first_market_buy 100 stone |
| 22:05 | No more T1LT · age_up castle |
| 23:42 | No more T1LT · first_building Siege Workshop |
| 23:47 | No more T1LT · wall_segment Palisade Wall x2 |
| 24:30 | ldx · first_building Siege Workshop |
| 25:27 | No more T1LT · wall_segment Palisade Wall x1 |
| 28:38 | No more T1LT · first_building Monastery |
| 30:23 | No more T1LT · first_building Stable |
| 33:18 | ldx · first_building Castle |
| 34:19 | No more T1LT · first_building Castle |
| 34:34 | ldx · wall_segment Stone Wall x1 |
| 34:35 | ldx · wall_segment Stone Wall x1 |
| 34:36 | ldx · wall_segment Stone Wall x1 |
| 34:48 | ldx · wall_segment Stone Wall x1 |
| 34:58 | No more T1LT · first_market_buy 100 food |
| 36:01 | ldx · first_market_sell 100 wood |
| 36:28 | ldx · first_building Monastery |
| 38:14 | No more T1LT · age_up imperial |
| 38:16 | No more T1LT · first_building Barracks |
| 38:22 | ldx · resign |
[ ANÁLISIS IA · 1 CRÉDITO ]
¿Qué pasó realmente en esta partida?
Wolo.gg analiza cada decisión: build order, eco, micro, errores típicos por bracket. Análisis personalizado por WhatsApp o Discord en 30 segundos.
Guía civ
Yurchen
Perfil
Jugador #21516070